 Dungeon Crawl Stone Soup version 0.29.0-4-gdea44cf6ec (webtiles) character file.

Game seed: 14840229506594704155

6 qw the Firebug (level 1, 0/15 HPs)
             Began as a Ghoul Fire Elementalist on Aug 29, 2022.
             Slain by an adder (4 damage)
             ... on level 2 of the Dungeon.
             The game lasted 00:00:15 (186 turns).

qw the Firebug (Ghoul Fire Elementalist)             Turns: 186, Time: 00:00:15

Health: 0/15       AC:  2    Str: 11    XL:     1   Next: 90%
Magic:  2/2        EV: 12    Int: 10    God:
Gold:   11         SH:  0    Dex:  9    Spells: 2/3 levels left

rFire   . . .      SeeInvis .     - Unarmed
rCold   + . .      Faith    .   (no shield)
rNeg    + + +      Spirit   .   a - +0 robe
rPois   inf        Reflect  .   (no helmet)
rElec   .          Harm     .   (no cloak)
rCorr   .          Rampage  .   (no gloves)
Will    .....                   (no boots)
Stlth   ++........              (no amulet)
HPRegen 0.00/turn               (no ring)
MPRegen 0.08/turn               (no ring)

@: inhibited regen
A: claws 1, cold resistance 1, negative energy resistance 3, inhibited
regeneration, torment resistance 2, devour on kill
a: no special abilities


You were on level 2 of the Dungeon.
You visited 1 branch of the dungeon, and saw 2 of its levels.

You collected 11 gold pieces.


Innate Abilities, Weirdness & Mutations

You are immune to poison.
You have sharp fingernails.
Your flesh is cold resistant. (rC+)
You are immune to negative energy. (rN+++)
You do not regenerate when monsters are visible.
You are immune to unholy pain and torment.
You thrive by killing the living.


   Skills:
 + Level 0.7 Fighting
 - Level 1.7 Dodging
 - Level 2.1 Stealth
 - Level 1.2 Unarmed Combat
 - Level 1.7 Spellcasting
 - Level 0.7 Conjurations
 - Level 2.4 Fire Magic


You had 2 spell levels left.
You knew the following spells:

 Your Spells              Type           Power      Damage    Failure   Level
a - Foxfire               Conj/Fire      16%        2x1d4     17%         1

Your spell library contained the following spells:

 Spells                   Type           Power      Damage    Failure   Level
 Scorch                   Fire           10%        2d5       19%         2
 Conjure Flame            Conj/Fire      4%         6-21      45%         3
 Inner Flame              Hex/Fire       3%         N/A       52%         3
 Flame Wave               Conj/Fire      4%         2d5       86%         4

Inventory:

Armour
 a - a +0 robe (worn)
Jewellery
 e - an amulet of faith
Scrolls
 c - a scroll of magic mapping {unknown}
Potions
 b - a potion of magic
 d - a potion of brilliance {unknown}

Dungeon Overview and Level Annotations

Branches:
Dungeon (1/15)

Altars:


Message History

The endoplasm is severely wounded.
The endoplasm freezes you.
You are frozen.
You resist.
You scratch the endoplasm.
The endoplasm is almost dead.
The endoplasm hits you.
You scratch the endoplasm.
You kill the endoplasm!
You feel better.
You start resting.
A ball python comes into view.
142 ||| Stepping ~*~*~tactically~*~*~ (stealth).
143 ||| Stepping ~*~*~tactically~*~*~ (stealth).
You closely miss the ball python. The ball python misses you.
The ball python grabs you. The ball python constricts you.
You scratch the ball python.
You kill the ball python!
You feel better.
You start resting.
An adder comes into view.
149 ||| Stepping ~*~*~tactically~*~*~ (stealth).
You start resting.
An adder is nearby!
174 ||| Stepping ~*~*~tactically~*~*~ (stealth).
175 ||| Stepping ~*~*~tactically~*~*~ (stealth).
You start resting.
An adder is nearby!
177 ||| Stepping ~*~*~tactically~*~*~ (stealth).
178 ||| Stepping ~*~*~tactically~*~*~ (stealth).
179 ||| Stepping ~*~*~tactically~*~*~ (stealth).
183 ||| Stepping ~*~*~tactically~*~*~ (stealth).
The adder hisses angrily.
You scratch the adder. Your claw misses the adder.
The adder is moderately wounded.
The adder bites you.
You closely miss the adder.
The adder is moderately wounded.
The adder bites you. x2
You die...

..#
.....
##
.#...#
.#
.....
.#
....#.
7.7.7#7
#.....#
7.7.7@7
#....S#
7.7.7.7
#.....#
7#7#7.7
..# ...
#####


You could see an adder.

Vanquished Creatures
  An endoplasm (D:2)
  2 giant cockroaches
  A ball python (D:2)
  A frilled lizard (D:2)
  A rat (D:1)
6 creatures vanquished.

Notes
Turn   | Place    | Note
-------+----------+-------------------------------------------
     0 | D:1      | qw the Ghoul Fire Elementalist began the quest for the Orb.
     0 | D:1      | Reached XP level 1. HP: 14/14 MP: 2/2
     0 | D:1      | 0 ||| qw: Version: 0.1-a-90-g952f4b7
     0 | D:1      | 0 ||| qw: Game counter: 4027
     0 | D:1      | 0 ||| qw: Always use a shield: true
     0 | D:1      | 0 ||| qw: God list: Okawaru
     0 | D:1      | 0 ||| qw: Allow faded altars: false
     0 | D:1      | 0 ||| qw: Do Orc after D:15 true
     0 | D:1      | 0 ||| qw: Do second Lair branch before Depths: true
     0 | D:1      | 0 ||| qw: Lair rune preference: random
     0 | D:1      | 0 ||| qw: Plans: Normal
     0 | D:1      | 0 ||| PLANNING D:1-11
    95 | D:1      | You fall into a shaft and drop 1 floor!
   113 | D:2      | Reached skill level 1 in Unarmed Combat
   122 | D:2      | HP: 3/14 [frozen (1)]
   142 | D:2      | 142 ||| Stepping ~*~*~tactically~*~*~ (stealth).
   143 | D:2      | 143 ||| Stepping ~*~*~tactically~*~*~ (stealth).
   149 | D:2      | 149 ||| Stepping ~*~*~tactically~*~*~ (stealth).
   174 | D:2      | 174 ||| Stepping ~*~*~tactically~*~*~ (stealth).
   175 | D:2      | 175 ||| Stepping ~*~*~tactically~*~*~ (stealth).
   177 | D:2      | 177 ||| Stepping ~*~*~tactically~*~*~ (stealth).
   178 | D:2      | 178 ||| Stepping ~*~*~tactically~*~*~ (stealth).
   179 | D:2      | 179 ||| Stepping ~*~*~tactically~*~*~ (stealth).
   183 | D:2      | 183 ||| Stepping ~*~*~tactically~*~*~ (stealth).
   186 | D:2      | Slain by an adder

Levels and vault maps discovered:
D:1:      lightli_molten_gateway, layout_basic
D:2:      layout_loops_ring, serial_forest, infiniplex_forest_clump_diagonal,
          infiniplex_forest_lined_room_2, infiniplex_forest_clump_small,
          infiniplex_forest_join, infiniplex_forest_clump_diagonal,
          infiniplex_forest_lined_ring, infiniplex_forest_diagonal,
          chequers_serial_rivers_micro_b, minmay_tall_x

Skill      XL: |  1 |
---------------+----+-----
Unarmed Combat | 1 |  1.2
Fighting       | |  0.7
Dodging        | |  1.7
Stealth        | |  2.1
Spellcasting   | |  1.7
Conjurations   | |  0.7
Fire Magic     | |  2.4

Action                   || total
-------------------------++-------
Melee: Unarmed           ||    35
       Punch             ||     1
Armor: Robe              ||     3
Dodge: Dodged            ||    14

Table legend:
 A = Non-vault XP
 B = Vault XP
 C = Vault XP percentage of total XP
 D = Non-vault monster count
 E = Vault monster count
 F = Vault count percentage of total count
                 A         B        C        D         E       F
            +---------+---------+-------+---------+---------+-------
      Total |       9 |       0 |   0.0 |       6 |       0 |   0.0
            +---------+---------+-------+---------+---------+-------
        D:1 |       3 |       0 |   0.0 |       2 |       0 |   0.0
        D:2 |       6 |       0 |   0.0 |       4 |       0 |   0.0
            +---------+---------+-------+---------+---------+-------
